 Dungeon Crawl Stone Soup version 0.21-a0-496-g696f58f (webtiles) character file.

233 slep the Twirler (level 5, 0/45 HPs)
             Began as a Minotaur Gladiator on Nov 23, 2017.
             Shot with an arrow by a centaur (12 damage)
             ... on level 3 of the Dungeon.
             The game lasted 00:10:17 (2732 turns).

slep the Twirler (Minotaur Gladiator)               Turns: 2732, Time: 00:10:18

Health: 0/45       AC:  5    Str: 19 (20) XL:     5   Next: 75%
Magic:  4/4        EV: 12    Int:  4 (5)  God:
Gold:   130        SH:  0    Dex: 12 (13) Spells: 4/4 levels left

rFire    . . .     SeeInvis .   a - +0 quarterstaff
rCold    . . .     Gourm    .   (shield currently unavailable)
rNeg     . . .     Faith    .   j - +0 ring mail
rPois    .         Spirit   .   c - +0 hat
rElec    .         Reflect  .   (no cloak)
rCorr    .         Harm     .   (no gloves)
MR       .....                  (no boots)
Stlth    +.........             (no amulet)
HPRegen  0.15/turn              n - +2 ring of dexterity
MPRegen  0.09/turn              (no ring)

@: flying (expiring)
A: retaliatory headbutt, horns 2
a: no special abilities


You were on level 3 of the Dungeon.
You were very hungry.

You visited 1 branch of the dungeon, and saw 3 of its levels.
You also visited: Sewer.

You collected 130 gold pieces.

Inventory:

Hand Weapons
 a - a +0 quarterstaff (weapon)
Missiles
 d - 3 throwing nets (quivered)
 e - 9 poisoned needles
Armour
 b - a +0 leather armour
 c - a +0 hat (worn)
 j - a +0 ring mail (worn)
Jewellery
 n - a +2 ring of dexterity (left hand)
Scrolls
 h - 2 scrolls of enchant weapon {unknown}
 l - a scroll of remove curse {unknown}
 m - 2 scrolls of identify {unknown}
 s - 3 scrolls of teleportation {unknown}
Potions
 g - a potion of degeneration
 k - a potion of agility
 q - a potion of magic
Comestibles
 f - 2 bread rations
 i - a meat ration
 p - a fruit


   Skills:
 + Level 3.4 Fighting
 + Level 5.6 Staves
 + Level 2.3 Throwing
 + Level 2.9 Armour
 + Level 4.2 Dodging
 + Level 0.2 Stealth


You had 4 spell levels left.
You didn't know any spells.

Dungeon Overview and Level Annotations

Branches:
Dungeon (3/15)

Altars:


Innate Abilities, Weirdness & Mutations

You reflexively headbutt those who attack you in melee.
You have a pair of horns on your head.


Message History

The kobold misses you. You furiously retaliate!
You headbutt the kobold.
You kill the kobold!
A centaur comes into view. It is wielding a whip.
The centaur unwields an uncursed whip.
The centaur wields a runed shortbow.
It is covered in frost.
The centaur shoots an arrow.
The arrow hits you! The arrow freezes you.
There is an open door, spattered with blood here.
Items here: (( ) † an arrow; a blowgun; 10 poisoned needles; a kobold corpse The centaur shoots an arrow.
The arrow hits you! The arrow freezes you.
You see here an arrow.
The centaur shoots an arrow.
The arrow barely misses you.
The centaur shoots an arrow.
The arrow hits you!
* * * LOW HITPOINT WARNING * * *
The arrow freezes you.
* * * LOW HITPOINT WARNING * * *
You see here an arrow.
You are starting to lose your buoyancy.
The centaur shoots an arrow.
The arrow hits you!
You die...

#. #.## ....
#..## ###...##
...c..# #...#
#@# #(# #(#
##(## ##..!##
##..(..##
##.......##
####.........#
.............+


You could see a centaur.

Vanquished Creatures
  A sky beast (D:3)
  4 adders (D:2)
  2 river rats (D:3)
  4 oozes
  3 worms (Sewer)
  2 leopard geckos (Sewer)
  4 giant cockroaches
  6 goblins
  7 hobgoblins
  4 jackals (Sewer)
  3 kobolds
  2 ball pythons (Sewer)
  16 bats
  5 frilled lizards
  6 rats
69 creatures vanquished.

Notes
Turn   | Place    | Note
-------+----------+-------------------------------------------
     0 | D:1      | slep the Minotaur Gladiator began the quest for the Orb.
     0 | D:1      | Reached XP level 1. HP: 18/18 MP: 0/0
   174 | D:1      | Reached skill level 4 in Staves
   174 | D:1      | Reached XP level 2. HP: 25/25 MP: 1/1
   763 | D:2      | Reached XP level 3. HP: 25/30 MP: 2/2
  1196 | D:2      | Reached skill level 1 in Armour
  1196 | D:2      | Reached XP level 4. HP: 33/37 MP: 3/3
  1968 | D:3      | Found a glowing drain.
  1968 | D:3      | Noticed a sky beast
  1987 | D:3      | Killed a sky beast
  1987 | D:3      | Reached skill level 5 in Staves
  1987 | D:3      | Reached XP level 5. HP: 16/45 MP: 4/4
  2020 | Sewer    | Entered a sewer
  2729 | D:3      | Noticed a centaur
  2732 | D:3      | Shot with an arrow by a centaur

Vault maps used:
D:1:      dpeg_arrival_stone_temple_mockup
D:2:      serial_bayou_crossing
D:3:      portal_sewer_entry_a, uniq_crazy_yiuf_cottage
Sewer:    sewer_fruit_machine

Skill      XL: |  1  2  3  4 |
---------------+-------------+-----
Staves         | 4 5 |  5.6
Dodging        | 4 |  4.2
Armour         | 1 2 |  2.9
Fighting       | 3 |  3.4
Throwing       | |  2.3
Stealth        | |  0.2

Action                   |  1- 3 |  4- 6 || total
-------------------------+-------+-------++-------
Melee: Quarterstaff      |    70 |    61 ||   131
       Headbutt          |     8 |    13 ||    21
  Use: Potion            |       |     6 ||     6
       Scroll            |       |     1 ||     1
  Eat: Chunk             |     1 |     4 ||     5
Armor: Ring mail         |    24 |    27 ||    51
Dodge: Dodged            |    58 |    46 ||   104

Table legend:
 A = Spawn XP
 B = Non-spawn XP
 C = Spawn XP percentage of total XP
 D = Spawn monster count
 E = Non-spawn monster count
 F = Spawn count percentage of total count
 G = Total turns spent on level
                    A         B        C        D         E        F      G
               +---------+---------+-------+---------+---------+-------+---------
         Total |       0 |     334 |   0.0 |       0 |      69 |   0.0 |  2732
               +---------+---------+-------+---------+---------+-------+---------
           D:1 |       0 |      29 |   0.0 |       0 |      18 |   0.0 |   757
           D:2 |       0 |      84 |   0.0 |       0 |      21 |   0.0 |  1211
           D:3 |       0 |     156 |   0.0 |       0 |       8 |   0.0 |    64
         Sewer |       0 |      65 |   0.0 |       0 |      22 |   0.0 |   700
               +---------+---------+-------+---------+---------+-------+---------
